 Dungeon Crawl Stone Soup version 0.30-a0-1035-g38d5fb2972 (webtiles) character file.

Game seed: 16855098369051327368

10 DeathPants the Cudgeller (level 2, 0/22 HPs)
             Began as a Demonspawn Gladiator on Apr 8, 2023.
             Slain by a kobold
             ... wielding a +0 short sword
              (3 damage)
             ... on level 1 of the Dungeon.
             The game lasted 00:01:03 (129 turns).

DeathPants the Cudgeller (Demonspawn Gladiator)      Turns: 129, Time: 00:01:03

Health: 0/22       AC:  6    Str: 14    XL:     2   Next: 10%
Magic:  2/2        EV: 11    Int:  9    God:
Gold:   8          SH:  0    Dex: 14    Spells: 1/1 levels left

rFire   . . .      SeeInvis .    a - +0 flail
rCold   . . .      Faith    .    (no shield)
rNeg    . . .      Spirit   .    g - +0 ring mail
rPois   .          Reflect  .    c - +0 helmet
rElec   .          Rampage  .    (no cloak)
rCorr   .                        (no gloves)
Will    .....                    (no boots)
Stlth   +                        (no amulet)
HPRegen 0.23/turn                (no ring)
MPRegen 0.08/turn                (no ring)

@: no status effects
A: powered by death 1
a: no special abilities


You were on level 1 of the Dungeon.
You visited 1 branch of the dungeon, and saw 2 of its levels.

You collected 8 gold pieces.

Inventory:

Hand Weapons
 a - a +0 flail (weapon)
Missiles
 d - 3 throwing nets (quivered)
 e - a javelin
Armour
 b - a +0 leather armour
 c - a +0 helmet (worn)
 g - a +0 ring mail (worn)
Scrolls
 f - a scroll of poison {unknown}


   Skills:
 + Level 2.1 Fighting
 * Level 2.9 Maces & Flails
 - Level 1.7 Throwing
 + Level 0.4 Armour
 + Level 2.8 Dodging


You had one spell level left.
You didn't know any spells.
Your spell library was empty.

Dungeon Overview and Level Annotations

Branches:
Dungeon (2/15)

Altars:


Innate Abilities, Weirdness & Mutations

You regenerate a little health from kills.


Message History

The ball python grabs you. The ball python constricts you.
A goblin comes into view. It is wielding a +1 dagger of speed.
The goblin shouts!
You sock the ball python!
You kill the ball python!
You feel sick.
You hear a shout!
You have reached level 2!
Your demonic ancestry asserts itself...
A wave of death washes over you.
You feel sick.
Things that are here:
a +0 short sword of venom; a kobold corpse You barely miss the goblin.
You feel sick. The goblin closely misses you.
A kobold comes into view. It is wielding a +0 short sword.
The goblin closely misses you.
The kobold shouts!
You thump the goblin!
You kill the goblin!
You feel sick.
You barely miss the kobold.
You feel sick.
You are no longer poisoned.
The kobold hits you with a +0 short sword.
* * * LOW HITPOINT WARNING * * *
You closely miss the kobold.
The kobold hits you with a +0 short sword.
* * * LOW HITPOINT WARNING * * *
You hit the kobold.
The kobold is severely wounded.
The kobold hits you but does no damage.
You barely miss the kobold.
The kobold is severely wounded.
The kobold hits you but does no damage. The kobold barely misses you.
You barely miss the kobold.
The kobold is severely wounded.
The kobold hits you but does no damage.
You miss the kobold.
The kobold is severely wounded.
The kobold hits you with a +0 short sword.
You die...

####..#.########8...8####
#..............##.#.##
#..........##..#8.#.8
#..##.#...####.##.#.##
#.....#....##..#8. .8
#...#g#........###+#
#...#.##.####.....$# #..
.....# ##.##### ###
###### #@# #K# .w# ....
.#### .. #. #


You could see a dart slug and a kobold.

Vanquished Creatures
  A ball python (D:1)
  A giant cockroach (D:2)
  A goblin (D:1)
  2 hobgoblins (D:1)
  A quokka (D:1)
  A bat (D:1)
  2 kobolds
9 creatures vanquished.

Notes
Turn   | Place    | Note
-------+----------+-------------------------------------------
     0 | D:1      | DeathPants the Demonspawn Gladiator began the quest for the
                  | Orb.
     0 | D:1      | Reached XP level 1. HP: 16/16 MP: 1/1
   121 | D:1      | Gained mutation: You regenerate a little health from kills.
                  | [demonic ancestry]
   121 | D:1      | Reached XP level 2. HP: 8/22 MP: 2/2
   129 | D:1      | Slain by a kobold

Illustrated notes

Levels and vault maps discovered:
D:1:      heliophobic_arrival_ceremonial_halls, layout_loops_cross,
          serial_shops, nicolae_shop_hallway_stairs, corexii_leaking_fountain,
          minmay_hedge_maze
D:2:      layout_rooms, basic_altar, minmay_3d_cube

Action                     || total
---------------------------++-------
  Melee: Flail             ||    31
         Punch             ||     1
 Armour: Leather armour    ||     5
         Ring mail         ||     4
  Dodge: Dodged            ||    18

Table legend: (Time is in decaauts)
 A = Elapsed time spent in this place.
 B = Non-inter-level travel time spent in this place.
 C = Inter-level travel time spent in this place.
 D = Time resting spent in this place.
 E = Time spent auto-exploring this place.
 F = Levels seen in this place.
 G = Mean time per level.
                   A        B        C        D        E       F      G
               +--------+--------+--------+--------+--------+-----+--------+
         Total |    136 |    136 |      0 |      0 |     35 |   2 |   68.0 |
       Dungeon |    136 |    136 |      0 |      0 |     35 |   2 |   68.0 |
               +--------+--------+--------+--------+--------+-----+--------+

Top non-repeatable levels by time:
     D:1: 120 daAuts
     D:2: 16 daAuts
